 Dungeon Crawl Stone Soup version 0.17.0-7-gfadd4cc (webtiles) character file.

181 radek the Digger (level 5, -5/28 HPs)
             Began as a Gargoyle Earth Elementalist on Nov 8, 2015.
             Slain by Rayvis's ghost (8 damage)
             ... on level 4 of the Dungeon.
             The game lasted 00:12:43 (3325 turns).

radek the Digger (Gargoyle Earth Elementalist)      Turns: 3325, Time: 00:12:43

Health: -5/28      AC:  6    Str: 12    XL:     5   Next: 61%
Magic:  4/11       EV: 14    Int: 16    God:
Gold:   209        SH:  0    Dex: 10    Spells: 3 memorised, 3 levels left

rFire  . . .     SeeInvis .     a - 9 stones
rCold  . . .     Clarity  .     b - +0 robe
rNeg   + . .     SustAt   .     (no shield)
rPois  ∞         Gourm    +     (no helmet)
rElec  +         Spirit   .     (no cloak)
rCorr  .         Warding  .     (no gloves)
rMut   .         Stasis   .     (no boots)
MR     .....                    x - amulet of the gourmand
Stlth  +++.......               B - ring of stealth
                                g - +2 ring of evasion

@: not resistant to hostile enchantments, fairly stealthy
A: negative energy resistance 1, electricity resistance, unbreathing,
petrification resistance, rot immunity, AC +4
a: no special abilities


You were on level 4 of the Dungeon.
You were completely stuffed.

You visited 1 branch of the dungeon, and saw 4 of its levels.

You collected 209 gold pieces.

Inventory:

Hand Weapons
 e - a +0 club
 k - a +0 dagger
 m - a +0 dagger
 n - a +0 dagger
 z - a +0 flail
Missiles
 a - 9 stones (in hand)
Armour
 b - a +0 robe (worn)
Jewellery
 g - a +2 ring of evasion (left hand)
 s - an uncursed amulet of faith
 x - an amulet of the gourmand (around neck)
 B - a ring of stealth (right hand)
Scrolls
 i - a scroll of teleportation {unknown}
 j - 3 scrolls of identify {unknown}
 o - a scroll of fog {unknown}
 q - 3 scrolls of remove curse {unknown}
 t - a scroll of immolation {unknown}
 v - a scroll of recharging {unknown}
 y - a scroll of amnesia {unknown}
 A - a scroll of fear {unknown}
 C - a scroll of noise {unknown}
Potions
 f - a potion of beneficial mutation {unknown}
 h - a potion of haste {unknown}
 l - a potion of degeneration {unknown}
 r - a potion of ambrosia {unknown}
 u - a potion of lignification {unknown}
 E - a potion of invisibility {unknown}
Books
 c - a book of Geomancy

   Spells                             Type                      Level
   a - Sandblast                      Earth                        1
   b - Stoneskin                      Transmutation/Earth          2
   c - Passwall                       Transmutation/Earth          3
   d - Stone Arrow                    Conjuration/Earth            3
   e - Petrify                        Transmutation/Earth          4
   f - Lee's Rapid Deconstruction     Earth                        5
Comestibles
 d - 4 bread rations
 p - 2 meat rations
 w - a beef jerky
 D - a chunk of flesh
 F - a slice of pizza


   Skills:
 - Level 1.5 Dodging
 - Level 2.1 Stealth
 + Level 4.4 Spellcasting
 * Level 0.0 Conjurations
   Level 0.7 Transmutations
 + Level 5.0 Earth Magic


You had 3 spell levels left.
You knew the following spells:

 Your Spells              Type           Power        Failure   Level  Hunger
a - Sandblast             Erth           ###...       1%          1    None
b - Lee's Rapid Deconstr  Erth           ###.......   63%         5    ######.
c - Stone Arrow           Conj/Erth      ##....       17%         3    ###....


Dungeon Overview and Level Annotations

Branches:
Dungeon (4/15)
 Temple: D:4-7

Altars:

Annotations:
D:4 Rayvis's ghost, amateur DsFi


Innate Abilities, Weirdness & Mutations

You are resistant to torment.
Your stone body is resilient (AC +4).
You are immune to poison.
You resist negative energy.
You are resistant to electric shocks.
You can survive without breathing.
You are immune to petrification.
You are immune to rotting.


Message History

Rayvis's ghost is moderately damaged.
Rayvis's ghost hits you.
* * * LOW HITPOINT WARNING * * *
Casting: Sandblast
Confirm with . or Enter, or press ? or * to list all spells.
Aiming: Sandblast
Press: ? - help, Shift-Dir - straight line, f/p - Rayvis's ghost
Aim: Rayvis's ghost (moderately damaged)
The rocky blast hits Rayvis's ghost.
Rayvis's ghost is moderately damaged.
Rayvis's ghost barely misses you.
Casting: Sandblast
Confirm with . or Enter, or press ? or * to list all spells.
Aiming: Sandblast
Press: ? - help, Shift-Dir - straight line, f/p - Rayvis's ghost
Aim: Rayvis's ghost (moderately damaged)
The rocky blast hits Rayvis's ghost.
Rayvis's ghost is moderately damaged.
Rayvis's ghost hits you!
You die...

#......#....#
#......####'#
#......#....#
#......#....# '#
#......#....#
...###+###......#######
......................#
............<..(......#
....!..@..............#
......W...............#
......................#
###......#######......#
##'##### #......# ...
#......# ... #......#
... ########


You could see Rayvis's ghost.

Vanquished Creatures
  An orc priest (D:3)
  3 adders
  6 gnolls (D:3)
  2 worms (D:2)
  4 giant geckos
  3 orcs (D:3)
  5 bats
  5 giant cockroaches
  7 goblins
  6 hobgoblins
  4 jackals (D:3)
  3 giant newts
  4 kobolds
  6 rats
59 creatures vanquished.

Notes
Turn   | Place    | Note
--------------------------------------------------------------
     0 | D:1      | radek the Gargoyle Earth Elementalist began the quest for the Orb.
     0 | D:1      | Reached XP level 1. HP: 10/10 MP: 3/3
   160 | D:1      | Reached XP level 2. HP: 15/15 MP: 0/5
  1081 | D:2      | Reached skill level 4 in Earth Magic
  1081 | D:2      | Reached XP level 3. HP: 17/19 MP: 0/7
  1899 | D:3      | Reached XP level 4. HP: 24/24 MP: 6/9
  2384 | D:3      | Reached XP level 5. HP: 26/28 MP: 6/11
  3007 | D:3      | Reached skill level 5 in Earth Magic
  3020 | D:3      | Learned a level 5 spell: Lee's Rapid Deconstruction
  3024 | D:3      | Learned a level 3 spell: Stone Arrow
  3313 | D:4      | Noticed Rayvis's ghost (amateur DsFi)
  3325 | D:4      | Slain by Rayvis's ghost

Action                   |  1- 3 |  4- 6 || total
-------------------------+-------+-------++-------
Melee: Unarmed           |     2 |       ||     2
       Club              |     8 |       ||     8
       Dagger            |     8 |    13 ||    21
 Cast: Sandblast         |    57 |    66 ||   123
  Eat: Chunk             |     3 |    18 ||    21
